 Dungeon Crawl Stone Soup version 0.29.1-12-g30fa7ad0bf (webtiles) character file.

Game seed: 12695941335997560744

3728 mandoloar the Nimble (level 10, -21/76 HPs)
             Began as a Djinni Conjurer on Jan 4, 2023.
             Was a Believer of Makhleb.
             Demolished by a two-headed ogre
             ... wielding a +0 giant spiked club
              (27 damage)
             ... on level 8 of the Dungeon.
             The game lasted 00:32:17 (12358 turns).

mandoloar the Nimble (Djinni Conjurer)             Turns: 12358, Time: 00:32:17

Health: -21/76     AC:  5    Str:  6    XL:     10   Next: 36%
Gold:   544        EV: 19    Int: 25    God:    Makhleb [**....] SH:  0 Dex: 11

rFire   + + .      SeeInvis .   l - +8 hand axe "Mauhy" {vorpal, *Rage Fly rC+}
rCold   . . .      Faith    .   (no shield)
rNeg    . . .      Spirit   .   a - +0 robe
rPois   ∞          Reflect  .   (no helmet)
rElec   .          Harm     .   (no cloak)
rCorr   .          Rampage  .   j - +2 pair of gloves
Will    +....      Rage     20% (boots unavailable)
Stlth   +++.......              (no amulet)
HPRegen 0.22/turn               y - +4 ring of evasion
MPRegen 0.00/turn               G - ring of wizardry

@: flying
A: sickness immunity, fire resistance 2, cold vulnerability 1, float, innate
caster, HP casting, extra vitality 1
a: Renounce Religion, Minor Destruction


You were on level 8 of the Dungeon.
You worshipped Makhleb.
Makhleb was pleased with you.
You visited 2 branches of the dungeon, and saw 10 of its levels.

You collected 544 gold pieces.

Inventory:

Hand Weapons
 l - the +8 hand axe "Mauhy" (weapon) {vorpal, *Rage Fly rC+}
   (You found it on level 2 of the Dungeon)

   It inflicts extra damage upon your enemies.
   rC:        It protects you from cold.
   Fly:       It grants you flight.
   *Rage:     It berserks you when you make melee attacks (+20% chance).
Missiles
 n - 3 throwing nets
Armour
 a - a +0 robe (worn)
 i - the +4 ring mail of Watchfulness {Regen+ Str+2}
   (You found it on level 2 of the Dungeon)

   Str:       It affects your strength (+2).
   Regen:     It increases your rate of health regeneration.
 j - a +2 pair of gloves (worn)
Jewellery
 f - a ring of ice
 o - a ring of willpower
 q - a ring of positive energy
 y - a +4 ring of evasion (left hand)
 A - a +6 ring of strength
 D - a ring of ice
 G - a ring of wizardry (right hand)
Wands
 u - a wand of digging (1)
 v - a wand of charming (15)
 x - a wand of flame (35)
 E - a wand of roots (4)
Scrolls
 c - a scroll of enchant weapon
 g - a scroll of blinking
 h - 2 scrolls of teleportation
 p - a scroll of magic mapping
 z - 2 scrolls of enchant armour
 B - 3 scrolls of identify
 C - a scroll of poison {unknown}
 F - a scroll of torment {unknown}
 H - a scroll of summoning {unknown}
Potions
 b - 2 potions of heal wounds
 d - 2 potions of degeneration {unknown}
 e - 4 potions of lignification
 k - 2 potions of berserk rage
 m - 2 potions of haste
 r - 2 potions of mutation {unknown}
 s - 3 potions of curing {unknown}
 t - 3 potions of brilliance
 w - a potion of flight {unknown}


   Skills:
 + Level 7.7 Fighting
 + Level 8.8 Dodging
 - Level 4.7 Stealth
 + Level 6.8 Spellcasting


You couldn't memorise any spells.
You knew the following spells:

 Your Spells              Type           Power      Damage    Failure   Level
a - Magic Dart            Conj           100%       1d8       1%          1
b - Searing Ray           Conj           84%        2d7       1%          2
c - Dazzling Flash        Conj/Hex       84%        N/A       1%          3
d - Fulminant Prism       Conj/Hex       21%        3d13      1%          4
e - Iskenderun's Mystic   Conj/Tloc      42%        2d10      1%          4
f - Beastly Appendage     Tmut           84%        N/A       1%          1
g - Blink                 Tloc           84%        N/A       1%          2
h - Portal Projectile     Hex/Tloc       84%        N/A       1%          3
i - Olgreb's Toxic Radia  Pois           42%        N/A       1%          4
Your spell library was empty.

Dungeon Overview and Level Annotations

Branches:
Dungeon (9/15)             Temple (1/1) D:4
   Lair: D:8-11         Orc: D:9-12

Altars:
Ashenzari
Cheibriados
Dithmenos
Elyvilon
Hepliaklqana
Makhleb
Nemelex Xobeh
Okawaru
Qazlal
Ru
Trog
Wu Jian
Xom
Yredelemnul
Zin
The Shining One

Shops:
D:4 *[   D:7 *


Innate Abilities, Weirdness & Mutations

You are immune to sickness and miasma.
You are immune to poison.
Your flesh is very heat resistant. (rF++)
You are vulnerable to cold. (rC-)
You float through the air rather than walking.
You learn spells naturally, not from books.
Your magical power is your life essence.
You have superior vitality. (+4 MHP)


Message History

Aim: a two-headed ogre, wielding a +0 giant spiked club and a +0 giant club (moderately wounded, chance to affect: 31%)
The two-headed ogre easily resists.
Okay, then.
Casting: Fulminant Prism (dangerous; 1% risk of failure)
Confirm with . or Enter, or press ? or * to list all spells.
Casting: Dazzling Flash (safe; 1% risk of failure)
Press: ? - help, Dir - look around, f - activate
Casting: Dazzling Flash (safe; 1% risk of failure)
Confirm with . or Enter, or press ? or * to list all spells.
You begin to radiate toxic energy.
The two-headed ogre is poisoned.
* * * LOW HITPOINT WARNING * * *
The two-headed ogre looks even sicker.
The two-headed ogre attacks as you move away!
The two-headed ogre closely misses you. The two-headed ogre misses you.
The two-headed ogre looks even sicker.
Your toxic aura wanes.
Casting: Olgreb's Toxic Radiance (dangerous; 1% risk of failure)
Confirm with . or Enter, or press ? or * to list all spells.
You begin to radiate toxic energy.
* * * LOW HITPOINT WARNING * * *
The two-headed ogre looks even sicker.
Okay, then.
The two-headed ogre looks as sick as possible!
Your toxic aura wanes.
The two-headed ogre attacks as you move away!
The two-headed ogre hits you with a +0 giant spiked club!
* * * LOW HITPOINT WARNING * * *
The two-headed ogre misses you.
Casting: Olgreb's Toxic Radiance (dangerous; 1% risk of failure)
Confirm with . or Enter, or press ? or * to list all spells.
Aiming: Searing Ray (safe; 1% risk of failure)
Press: ? - help, Shift-Dir - straight line, f - two-headed ogre
Aim: a two-headed ogre, wielding a +0 giant spiked club and a +0 giant club (severely wounded, extremely poisoned, 91% to hit)
The searing ray hits the two-headed ogre.
The two-headed ogre is almost dead. (Press . to maintain the ray.)
* * * LOW HITPOINT WARNING * * *
The two-headed ogre misses you.
The two-headed ogre hits you with a +0 giant club!!
You die...

.# #.# O# #.# .# #.#
.# ########.# >#
#........#### .#
#.#####..#..# ÷#
#.#####..#..# .#
#.##....O#..# .#
#.##.###@#..## .#
#.##.# #.#...# .#
######.##.###.#..## .#
#.......#.#......# .#
#.#######.#.#....# .#
#.# #.#.#....# .# #.#
#<.......# .#
#.#######.#.#....##
'###.#.......#.#.....#


You could see a two-headed ogre (very poisoned).

Vanquished Creatures
  Pikel (D:8)
  A hornet (D:8)
  3 yaks (D:8)
  3 water moccasins
  3 orc warriors
  A black bear (D:7)
  4 ogres
  2 centaurs (D:7)
  2 phantoms
  A lemure (D:8)
  A kobold brigand (D:7)
  2 bullfrogs (D:7)
  A necrophage (D:4)
  8 wights
  3 howler monkeys
  A gnoll bouda (D:3)
  4 orc priests
  A hound (D:4)
  3 iguanas
  An orc wizard (D:6)
  6 adders
  9 gnolls
  A shadow imp (D:7)
  3 white imps (D:6)
  A dart slug (D:2)
  42 orcs
  5 bats
  10 endoplasms
  2 giant cockroaches (D:5)
  7 hobgoblins
  6 kobolds
  9 quokkas
  6 ball pythons
  A frilled lizard (D:1)
  10 goblins
  3 rats
167 creatures vanquished.

Vanquished Creatures (others)
  36 fulminant prisms
36 creatures vanquished.

Grand Total: 203 creatures vanquished

Notes
Turn   | Place    | Note
-------+----------+-------------------------------------------
     0 | D:1      | mandoloar the Djinni Conjurer began the quest for the Orb.
     0 | D:1      | mandoloar set off with the following spells memorised:
                  | Magic Dart, Searing Ray, Dazzling Flash, Fulminant Prism,
                  | Iskenderun's Mystic Blast.
     0 | D:1      | Reached XP level 1. HP: 15/15 MP: 0/0
   165 | D:1      | Found a faded altar of an unknown god.
   529 | D:1      | Reached XP level 2. HP: 20/22 MP: 0/0
  1275 | D:1      | Reached skill level 1 in Fighting
  1275 | D:1      | Reached XP level 3. HP: 22/27 MP: 0/0
  1275 | D:1      | Learned a level 1 spell: Beastly Appendage
  2415 | D:2      | Identified the +4 ring mail of Watchfulness {Regen+ Str+2}
  2955 | D:2      | Identified the +8 hand axe "Mauhy" {vorpal, *Rage Fly rC+}
  3231 | D:3      | Reached skill level 3 in Dodging
  3231 | D:3      | Reached XP level 4. HP: 21/32 MP: 0/0
  3342 | D:3      | Found a glowing golden altar of the Shining One.
  3482 | D:3      | Reached XP level 5. HP: 29/38 MP: 0/0
  3482 | D:3      | Learned a level 2 spell: Blink
  3815 | D:3      | Found a sparkling altar of Nemelex Xobeh.
  4487 | D:4      | Found a shadowy altar of Dithmenos.
  4519 | D:4      | Found Qyemab's Armour Boutique.
  4564 | D:4      | Reached XP level 6. HP: 34/45 MP: 0/0
  4800 | D:4      | Found a bloodstained altar of Trog.
  4984 | D:4      | Found Nacor's Overcharged Wands.
  5035 | D:4      | Reached skill level 4 in Dodging
  5062 | D:4      | Found a staircase to the Ecumenical Temple.
  5073 | Temple   | Entered the Ecumenical Temple
  5357 | D:4      | Noticed an ogre
  5358 | D:4      | Reached XP level 7. HP: 45/50 MP: 0/0
  5358 | D:4      | Learned a level 3 spell: Portal Projectile
  5881 | D:5      | Entered Level 5 of the Dungeon
  6129 | D:5      | Found a burning altar of Makhleb.
  6134 | D:5      | Became a worshipper of Makhleb the Destroyer
  6653 | D:5      | Found a glowing silver altar of Zin.
  7261 | D:6      | Noticed a water moccasin
  7268 | D:6      | Killed a water moccasin
  7361 | D:6      | Reached XP level 8. HP: 53/58 MP: 0/0
  7409 | D:6      | Found a white marble altar of Elyvilon.
  7430 | D:6      | Reached skill level 5 in Dodging
  8082 | D:6      | Reached * piety under Makhleb
  8573 | D:6      | Found an ornate altar of the Wu Jian Council.
  8635 | D:6      | Reached skill level 5 in Spellcasting
  8920 | D:7      | Found Zudu's Fire Supplies.
  9122 | D:7      | Reached skill level 5 in Fighting
  9122 | D:7      | Reached skill level 6 in Dodging
  9134 | D:7      | Reached XP level 9. HP: 35/65 MP: 0/0
  9134 | D:7      | Learned a level 4 spell: Olgreb's Toxic Radiance
 10067 | D:7      | Reached skill level 7 in Dodging
 10605 | D:8      | Noticed a hornet
 10696 | D:8      | Killed a hornet
 10917 | D:8      | Noticed Pikel
 10927 | D:8      | Killed Pikel
 10928 | D:8      | Reached skill level 8 in Dodging
 10928 | D:8      | Reached XP level 10. HP: 59/75 MP: 0/0
 10991 | D:8      | Reached ** piety under Makhleb
 12129 | D:9      | Noticed a two-headed ogre
 12358 | D:8      | Demolished by a two-headed ogre

Illustrated notes

Levels and vault maps discovered:
D:1:      lightli_arrival_windingriver, layout_basic,
          shapermc_ecumenical_altar_starsandcircs
D:2:      layout_basic, minmay_pentomino_o4
D:3:      layout_loops_cross, mainiacjoe_overflow_concentric_impassable,
          lemuel_tele_altar, grunt_decor_one_mirror
D:4:      layout_gridville, mainiacjoe_overflow_small_starburst,
          old_standard_altar, nicolae_dithmenos_the_darkroom,
          minmay_temple_entry_junction, serial_shops, shop, serial_rivers,
          chequers_serial_rivers_large_a, chequers_serial_rivers_micro_b,
          chequers_serial_rivers_micro_e, chequers_serial_rivers_micro_b,
          nicolae_shop_overcharged_wands
D:5:      layout_basic, general_overflow_altar, kennysheep_little_box,
          serial_glass, glass_columns_a, glass_columns_b, gup_sewer_entry_pipe
D:6:      layout_loops_cross, marbit_many_paths, mainiacjoe_overflow_paths,
          lemuel_crystal_altar
D:7:      layout_basic, minmay_holes, nicolae_shop_fire_sale
          [nicolae_sub_dead_trees]
D:8:      layout_basic, special_room [special_room_orc], uniq_pikel
D:9:      layout_basic, chequers_temple_overflow_minitemple, uniq_joseph
Temple:   nicolae_temple_cloud_nine

Skill      XL: |  1  2  3  4  5  6  7  8  9 |
---------------+----------------------------+-----
Fighting       | 1 2 3 5 7 |  7.7
Stealth        | 2 3 4 |  4.7
Dodging        | 3 4 6 8 |  8.8
Spellcasting   | 4 5 6 |  6.8

Action                   |  1- 3 |  4- 6 |  7- 9 | 10-12 || total
-------------------------+-------+-------+-------+-------++-------
Melee: Hand axe          |     3 |     3 |     1 |       ||     7
       Short sword       |     3 |       |       |       ||     3
 Cast: Magic Dart        |    80 |    60 |    59 |    29 ||   228
       Searing Ray       |       |    13 |    29 |    12 ||    54
       Portal Projectile |       |       |     1 |       ||     1
       Fulminant Prism   |       |       |    32 |     4 ||    36
       Olgreb's Toxic Ra |       |       |    12 |     5 ||    17
       Blink             |       |       |       |     1 ||     1
       Dazzling Flash    |       |       |       |     1 ||     1
Evoke: Wand              |       |       |     1 |     4 ||     5
  Use: Scroll            |     3 |     7 |     3 |       ||    13
Armor: Robe              |     5 |    10 |     2 |       ||    17
Dodge: Dodged            |    11 |    16 |    38 |    31 ||    96
